 Dungeon Crawl Stone Soup version 0.32-a0-918-g0f22ef8d61 (webtiles) character file.

Game seed: 12864949601205358315

1 innerfire43 the Twirler (level 1, -1/10 (13) HPs)
             Began as a Demonspawn Wanderer on Apr 11, 2024.
             Slain by a goblin
             ... wielding a +0 club
              (4 damage)
             ... on level 1 of the Dungeon.
             The game lasted 00:00:16 (93 turns).

innerfire43 the Twirler (Demonspawn Wanderer)         Turns: 93, Time: 00:00:17

HP:   -1/10 (13)    AC:  3    Str:  8    XL:     1   Next: 16%
MP:   2/2           EV: 10    Int: 11    God:
Gold: 0             SH:  0    Dex: 17    Spells: 1/2 levels left

rFire   . . .        a - +2 quarterstaff
rCold   . . .        (shield currently unavailable)
rNeg    . . .        d - +0 robe
rPois   .            (no helmet)
rElec   .            (no cloak)
rCorr   .            (no gloves)
SInv    .            b - +0 pair of boots
Will    .....        (no amulet)
Stlth   ++           (no ring)
HPRegen 0.21/turn    (no ring)
MPRegen 0.08/turn

%: no passive effects
@: heavily drained
A: no striking features
a: no special abilities


You were on level 1 of the Dungeon.
You visited 1 branch of the dungeon, and saw 1 of its levels.

Inventory:

Hand Weapons
 a - a +2 quarterstaff (weapon)
Armour
 b - a +0 pair of boots (worn)
 d - a +0 robe (worn)
Scrolls
 c - a scroll of summoning


   Skills:
 + Level 0.1 Fighting
 + Level 2.7 Staves
 - Level 1.0 Throwing
 + Level 0.1 Armour
 - Level 1.7 Stealth
 - Level 1.0 Spellcasting
 - Level 2.0 Hexes
 - Level 1.0 Evocations


You had one spell level left.
You knew the following spells:

 Your Spells              Type           Power      Damage    Failure   Level
a - Slow                  Hex            16%        N/A       14%         1

Your spell library contained the following spells:

 Spells                   Type           Power      Damage    Failure   Level
 Tukima's Dance           Hex            4%         N/A       38%         3


Dungeon Overview and Level Annotations

Branches:
Dungeon (1/15)

Altars:


Message History

A ball python is nearby!
The ball python hisses angrily.
The ball python bites you but does no damage.
The ball python misses you. x2; The ball python grabs you.
The ball python constricts you.
You sock the ball python!
You kill the ball python!
No target in view!
No target in view!
HP restored. 2 goblins come into view.
A goblin is wielding a +2 dagger of draining.
There are monsters nearby!
A ball python comes into view.
There are monsters nearby!
The goblin shouts!
You barely miss the goblin. The goblin hits you but does no damage.
You feel drained.
You barely miss the goblin. The goblin barely misses you.
The goblin hits you with a +2 dagger of draining.
You feel drained.
There are monsters nearby!
You are too injured to fight recklessly!
There are monsters nearby!
You are too injured to fight recklessly!
You are too injured to fight recklessly!
There are monsters nearby!
You are too injured to fight recklessly!
You barely miss the goblin. You hit the goblin but do no damage.
The goblin barely misses you. x2
The goblin hits you with a +0 club.
* * * LOW HITPOINT WARNING * * *
The goblin hits you but does no damage.
You feel drained.
You barely miss the goblin. The goblin hits you with a +0 club.
* * * LOW HITPOINT WARNING * * *
The goblin misses you.
You hit the goblin.
You kill the goblin!
The goblin hits you with a +0 club.
You die...

.## .... ♣ ....# ♣♣
♣....## .♣♣♣♣ ♣.....
♣...♣♣♣ ♣♣.....###
♣♣♣...♣♣~♣♣♣...)@##
♣♣♣..≈~≈♣♣♣♣♣♣g.##
♣♣♣≈~~♣♣♣ ♣♣♣.##
♣♣≈≈≈~♣♣ ♣♣..#
♣≈≈≈...♣♣♣♣♣ ♣..##
≈≈≈...♣.....♣♣♣♣♣..#
≈♣...♣♣♣♣.....♣...♣♣
♣♣.♣ ♣♣♣♣....♣♣♣ ♣♣
♣♣♣♣♣♣


You could see a goblin.

Vanquished Creatures
  A ball python (D:1)
  A goblin (D:1)
2 creatures vanquished.

Notes
Turn   | Place    | Note
-------+----------+-------------------------------------------
     0 | D:1      | innerfire43 the Demonspawn Wanderer began the quest for the
                  | Orb.
     0 | D:1      | innerfire43 set off with the following items: a +2
                  | quarterstaff, a +0 pair of boots, a scroll of summoning, a
                  | +0 robe; and the following spell memorised: Slow; and the
                  | following spells available to memorise: Tukima's Dance.
     0 | D:1      | Reached XP level 1. HP: 13/13 MP: 2/2
    93 | D:1      | Slain by a goblin

Illustrated notes

Levels and vault maps discovered:
D:1:      kilobyte_arrival_exit_the_forest, layout_basic

Action                     || total
---------------------------++-------
  Melee: Quarterstaff      ||     7
 Armour: Robe              ||     8
  Dodge: Dodged            ||     6

Table legend: (Time is in decaauts)
 A = Elapsed time spent in this place.
 B = Non-inter-level travel time spent in this place.
 C = Inter-level travel time spent in this place.
 D = Time resting spent in this place.
 E = Time spent auto-exploring this place.
 F = Levels seen in this place.
 G = Mean time per level.
                   A        B        C        D        E       F      G
               +--------+--------+--------+--------+--------+-----+--------+
         Total |     95 |     95 |      0 |      0 |     80 |   1 |   95.0 |
       Dungeon |     95 |     95 |      0 |      0 |     80 |   1 |   95.0 |
               +--------+--------+--------+--------+--------+-----+--------+

Top non-repeatable levels by time:
     D:1: 95 daAuts
